 Dungeon Crawl Stone Soup version 0.31-a0-977-gc230f8ef24 (webtiles) character file.

Game seed: 3278139910519942299

8402 sammy202020 the Protected (level 11, -1/154 HPs)
             Began as an Armataur Berserker on Oct 30, 2023.
             Was a High Priest of Trog.
             Slain by a skeletal warrior
             ... wielding a +0 flail
              (10 damage)
             ... on level 11 of the Dungeon.
             The game lasted 00:11:54 (8251 turns).

sammy202020 the Protected (Armataur Berserker)      Turns: 8251, Time: 00:11:55

Health: -1/154     AC: 20    Str: 26    XL:     11   Next: 9%
Magic:  20/20      EV:  9    Int: 12    God:    Trog [*****.]
Gold:   313        SH:  0    Dex: 13    Spells: 10/10 levels left

rFire   . . .        k - +8 morningstar of Karghoox {elec, Drain rN+ Str+4 Dex+2}
rCold   x . .        s - orb {light}
rNeg    + . .        q - +0 acid dragon scales
rPois   +            v - +2 helmet {Int+3}
rElec   .            i - +0 cloak
rCorr   +            (no gloves)
SInv    .            d - +0 barding {Stlth+}
Will    .....        p - amulet of the acrobat Stlth
                     g - ring of magical power
HPRegen 0.45/turn    (no ring)
MPRegen 0.17/turn

%: acrobat, roll
@: berserking, glowing, very quick
A: large, rugged brown scales 3, deformed body, armoured tail, roll, long
tongue, awkward tongue, dopey 1, mutation resistance 1, poison resistance, cold
vulnerability 1, MP-powered wands
a: Renounce Religion, Berserk, Trog's Hand, Brothers in Arms


You were on level 11 of the Dungeon.
You worshipped Trog.
Trog was extremely pleased with you.
You visited 1 branch of the dungeon, and saw 10 of its levels.
You also visited: Sewer.

You collected 523 gold pieces.
You spent 210 gold pieces at shops.

Inventory:

Hand Weapons
 a - a +0 mace
 k - the +8 morningstar of Karghoox (weapon) {elec, Drain rN+ Str+4 Dex+2}
   (You found it in a sewer)

   Str+4:     It affects your strength (+4).
   Dex+2:     It affects your dexterity (+2).
   rN+:       It protects you from negative energy.
   Drain:     It drains your maximum health when unequipped.
Armour
 d - a +0 barding of stealth (worn)
 i - a +0 cloak (worn)
 q - +0 acid dragon scales (worn)
 s - an orb of light (worn)
 v - a +2 helmet of intelligence (worn)
Jewellery
 g - a ring of magical power (left hand)
 p - an amulet of the acrobat (around neck)
Wands
 r - a wand of iceblast (15)
 w - a wand of flame (13)
Scrolls
 h - a scroll of immolation
 j - 5 scrolls of identify
 n - 2 scrolls of amnesia
 o - 2 scrolls of blinking
 t - a scroll of silence
 u - 4 scrolls of teleportation
Potions
 b - 5 potions of curing
 c - 2 potions of attraction
 e - a potion of haste
 f - 2 potions of resistance
 l - 2 potions of lignification


   Skills:
 * Level 9.0 Fighting
 * Level 8.9 Maces & Flails
 * Level 11.2 Armour
 + Level 5.3 Dodging


You had 10 spell levels left.
You didn't know any spells.
Your spell library was empty.

Dungeon Overview and Level Annotations

Branches:
Dungeon (9/15)             Temple (0/1) D:7           Sewer (visited)
   Lair: D:8-11         Orc: D:9-12

Altars:
Hepliaklqana
Sif Muna
Xom

Shops:
D:2 =   D:8 [   D:9 [


Innate Abilities, Weirdness & Mutations

You are completely covered in rugged brown scales. (AC +3, +7% HP)
Armour fits poorly on your strangely shaped body.
You have a long armoured tail.
You roll when moving toward enemies. (Rampage)
Your long tongue fully drains potion bottles. (2x potion effects)
Your tongue gives you trouble enunciating. (1.5x scroll delay)
You are dopey. (Int -2)
You are somewhat resistant to further mutation.
Your system is resistant to poisons. (rPois)
You are vulnerable to cold. (rC-)
You expend magic power (3 MP) to strengthen your wands.


Message History

The skeletal warrior hits you with a +0 flail!
The skeletal warrior hits you with a +0 long sword!
You impale the cyclops!!
The cyclops is almost dead.
The cyclops closely misses you.
You puncture the cyclops!
You kill the cyclops!
Trog accepts your kill.
The skeletal warrior hits you with a +0 flail!
* * * LOW HITPOINT WARNING * * *
A skeletal warrior comes into view. It is wielding a +2 heavy mace.
The skeletal warrior hits you with a +0 long sword!
* * * LOW HITPOINT WARNING * * *
You puncture the skeletal warrior!
The skeletal warrior is lightly damaged.
The skeletal warrior completely misses you.
The skeletal warrior hits you but does no damage.
You barely miss the skeletal warrior. You tail-slap the skeletal warrior.
The skeletal warrior is moderately damaged.
You barely miss the skeletal warrior.
The skeletal warrior is moderately damaged.
The skeletal warrior closely misses you.
The skeletal warrior hits you with a +0 long sword!!
* * * LOW HITPOINT WARNING * * *
You hit the skeletal warrior. You tail-slap the skeletal warrior.
The skeletal warrior is moderately damaged.
The skeletal warrior hits you with a +0 flail.
* * * LOW HITPOINT WARNING * * *
The skeletal warrior closely misses you.
You hit the skeletal warrior but do no damage.
The skeletal warrior is moderately damaged.
The skeletal warrior hits you but does no damage.
The skeletal warrior closely misses you.
You impale the skeletal warrior!!
Lightning courses through the skeletal warrior!
The skeletal warrior is almost destroyed.
You barely miss the skeletal warrior.
The skeletal warrior is almost destroyed.
The skeletal warrior hits you with a +0 flail!
You die...

#.........#
#.........#
#...........
#..######..#
#..# .# . #..#
# ... #..#
.....#####..#
#..z@....#
#..zz.........
#........#####
#..#####.# #..
.# #.. .# #.
.# #.


You could see 3 skeletal warriors.

Vanquished Creatures
  Erica (D:8)
  A boulder beetle (D:9)
  2 skeletal warriors (D:11)
  A cyclops (D:11)
  Grum (D:8)
  11 yaks
  2 steam dragons
  An acid dragon (D:11)
  4 orc warriors
  3 sky beasts (D:7)
  3 ice beasts
  2 black bears
  An ogre (D:6)
  4 wolves (D:8)
  4 centaurs
  2 phantoms
  3 bullfrogs
  3 scorpions
  2 gnoll sergeants (D:7)
  5 killer bees (D:7)
  4 howler monkeys
  3 jellies
  2 orc priests (D:9)
  4 hounds
  3 iguanas
  A sleepcap (D:8)
  7 orc wizards
  Robin (D:4)
  7 gnolls (D:7)
  9 adders
  3 shadow imps
  A white imp (D:8)
  2 ufetubi (D:7)
  A dart slug (D:1)
  3 worms
  23 orcs
  9 endoplasms
  6 giant cockroaches
  9 goblins
  8 hobgoblins
  2 jackals (D:4)
  10 quokkas
  6 ball pythons
  7 bats
  11 frilled lizards
  7 kobolds
  3 rats
208 creatures vanquished.

Notes
Turn   | Place    | Note
-------+----------+-------------------------------------------
     0 | D:1      | sammy202020 the Armataur Berserker began the quest for the
                  | Orb.
     0 | D:1      | Reached XP level 1. HP: 19/19 MP: 1/1
   192 | D:1      | Reached XP level 2. HP: 10/26 MP: 2/2
   632 | D:1      | Reached skill level 3 in Armour
   705 | D:1      | Reached ** piety under Trog
  1038 | D:2      | Reached XP level 3. HP: 28/33 MP: 3/3
  1218 | D:2      | Identified a scroll of acquirement
  1218 | D:2      | Acquired a +0 barding of stealth
  1339 | D:2      | Identified the +9 dagger of Lies {heavy, Dex+2}
  1445 | D:2      | Found Tydicroakk's Jewellery Emporium.
  1696 | D:3      | Found a glowing drain.
  1706 | Sewer    | Entered a sewer
  1735 | Sewer    | Reached XP level 4. HP: 37/40 MP: 4/4
  2268 | Sewer    | Noticed a bullfrog
  2268 | Sewer    | Noticed a bullfrog
  2275 | Sewer    | Killed a bullfrog
  2276 | Sewer    | Reached skill level 4 in Armour
  2276 | Sewer    | Reached XP level 5. HP: 49/49 MP: 5/5
  2285 | Sewer    | Identified the +8 morningstar of Karghoox {elec, Drain rN+
                  | Str+4 Dex+2}
  3074 | D:4      | Reached *** piety under Trog
  3148 | D:4      | Reached XP level 6. HP: 55/55 MP: 6/6
  3536 | D:4      | Noticed Robin
  3546 | D:4      | Killed Robin
  3669 | D:4      | Reached skill level 5 in Armour
  3803 | D:5      | Entered Level 5 of the Dungeon
  3908 | D:5      | Reached XP level 7. HP: 60/64 MP: 7/7
  4234 | D:5      | Found a shimmering altar of Xom.
  4235 | D:5      | Found a hazy altar of Hepliaklqana.
  4236 | D:5      | Noticed a spectral ugly thing
  4369 | D:5      | Reached skill level 5 in Fighting
  4369 | D:5      | Reached skill level 6 in Armour
  4607 | D:6      | Reached skill level 5 in Maces & Flails
  4706 | D:6      | Identified the +1 ring mail of Time Monsters {Dex+4}
  4735 | D:6      | Reached **** piety under Trog
  4756 | D:6      | Reached XP level 8. HP: 69/72 MP: 8/8
  5261 | D:6      | Reached skill level 7 in Armour
  5782 | D:7      | Reached XP level 9. HP: 61/82 MP: 9/9
  5794 | D:7      | Reached skill level 8 in Armour
  5938 | D:7      | Found a staircase to the Ecumenical Temple.
  6406 | D:7      | Gained mutation: Your system is resistant to poisons.
                  | (rPois) [potion of mutation]
  6406 | D:7      | Gained mutation: You are vulnerable to cold. (rC-) [potion
                  | of mutation]
  6406 | D:7      | Gained mutation: You expend magic power (3 MP) to
                  | strengthen your wands. [potion of mutation]
  6406 | D:7      | Gained mutation: You are dopey. (Int -2) [potion of
                  | mutation]
  6406 | D:7      | Gained mutation: You are somewhat resistant to further
                  | mutation. [potion of mutation]
  6618 | D:8      | Noticed Erica
  6628 | D:8      | Killed Erica
  6629 | D:8      | Reached skill level 9 in Armour
  6970 | D:8      | Reached XP level 10. HP: 90/94 MP: 10/10
  6987 | D:8      | Found Esuib's Antique Armour Shop.
  6994 | D:8      | Bought a shiny helmet for 210 gold pieces
  7257 | D:8      | Noticed Grum
  7268 | D:8      | Killed Grum
  7269 | D:8      | Reached ***** piety under Trog
  7274 | D:8      | Reached skill level 10 in Armour
  7468 | D:9      | Found Ripluufa's Antique Armour Emporium.
  7474 | D:9      | Noticed a boulder beetle
  7506 | D:9      | Killed a boulder beetle
  7516 | D:9      | Reached skill level 5 in Dodging
  8013 | D:9      | Found a shimmering blue altar of Sif Muna.
  8074 | D:9      | You fall into a shaft and drop 2 floors!
  8231 | D:11     | Noticed a skeletal warrior
  8231 | D:11     | Noticed a skeletal warrior
  8231 | D:11     | Noticed a skeletal warrior
  8233 | D:11     | Noticed a cyclops
  8233 | D:11     | Noticed a skeletal warrior
  8237 | D:11     | Killed a skeletal warrior
  8238 | D:11     | Reached skill level 11 in Armour
  8241 | D:11     | Killed a skeletal warrior
  8242 | D:11     | Reached XP level 11. HP: 73/103 MP: 11/11
  8244 | D:11     | Noticed a skeletal warrior
  8251 | D:11     | Slain by a skeletal warrior

Illustrated notes

Levels and vault maps discovered:
D:1:      lemuel_arrival_muddy, layout_basic
D:2:      layout_basic, serial_shops, nicolae_shop_waterfront
D:3:      layout_basic, cheibrodos_sewer_entry_drain, minmay_misc_feat_rows
D:4:      layout_basic, uniq_robin
D:5:      layout_loops_ring, regret_index_temple_of_mockery,
          hangedman_abyss_or_decor_stagger
D:6:      layout_layer_cave, minmay_misc_feat_enclosed
D:7:      layout_loops_ring, minmay_temple_entry_large_hall,
          minmay_misc_feat_chi
D:8:      layout_loops_ring, serial_shops, nicolae_shop_just_a_little_nook,
          uniq_erica, uniq_grum
D:9:      layout_irregular_city, mainiacjoe_overflow_surrounded_room,
          serial_shops, nicolae_stop_n_shop_2
D:11:     layout_long_grid, lair_entry_dummy

Skill      XL: |  1  2  3  4  5  6  7  8  9 10 |
---------------+-------------------------------+-----
Armour         | 3 4 5 6 7 9 11 | 11.2
Fighting       | 3 4 5 6 7 9 |  9.0
Maces & Flails | 3 4 5 6 7 8 |  8.9
Dodging        | 2 3 4 5 |  5.3

Action                     |  1- 3 |  4- 6 |  7- 9 | 10-12 || total
---------------------------+-------+-------+-------+-------++-------
  Melee: Mace              |   116 |    94 |       |       ||   210
         Tailslap          |     9 |    12 |    17 |    16 ||    54
         Morningstar       |       |    51 |   152 |    99 ||   302
 Invoke: Berserk           |     3 |     1 |     1 |     2 ||     7
    Use: Scroll            |     8 |     4 |     4 |     1 ||    17
         Potion            |       |     4 |     2 |       ||     6
 Armour: Ring mail         |    83 |       |       |       ||    83
         Animal skin       |     6 |       |       |       ||     6
         Chain mail        |    35 |   189 |   147 |    61 ||   432
         Acid dragon scale |       |       |       |    16 ||    16
  Dodge: Dodged            |    78 |    58 |    64 |    38 ||   238

Table legend: (Time is in decaauts)
 A = Elapsed time spent in this place.
 B = Non-inter-level travel time spent in this place.
 C = Inter-level travel time spent in this place.
 D = Time resting spent in this place.
 E = Time spent auto-exploring this place.
 F = Levels seen in this place.
 G = Mean time per level.
                   A        B        C        D        E       F      G
               +--------+--------+--------+--------+--------+-----+--------+
         Total |   8390 |   8256 |    134 |   1604 |   5199 |  11 |  762.7 |
       Dungeon |   7723 |   7589 |    134 |   1270 |   5081 |  10 |  772.3 |
         Sewer |    667 |    667 |      0 |    333 |    118 |   1 |  667.0 |
               +--------+--------+--------+--------+--------+-----+--------+

Top non-repeatable levels by time:
     D:6: 1078 daAuts
     D:1: 1004 daAuts
     D:7: 977 daAuts
     D:8: 946 daAuts
     D:3: 830 daAuts
     D:4: 788 daAuts
     D:5: 704 daAuts
   Sewer: 667 daAuts
     D:2: 611 daAuts
     D:9: 608 daAuts
    D:11: 172 daAuts
